Map: 어스름 탑

Players

llllllllllll (Scarlett)

  • Race: Zerg Zerg
  • League: Grandmaster

llllllllllll - Winner!

  • Race: Zerg Zerg
  • League: Grandmaster

VOD

Have the link to the VOD?

Description

Time

  • Played on: April 14, 2016, 3:32 a.m.
  • Length: 5:15
Show
View Real Time Build Order
Export as new Build Order

llllllllllll Zerg 

Build Orders: Hatch First 

Get SALT Encoding   

  12  0:00  Drone  
  13  0:10  Drone  
  14  0:18  Overlord  
  14  0:25  Extractor, Drone  
  15  0:37  Drone x2  
  17  0:54  Hatchery  
  17  0:57  Drone  
  17  0:59  Drone  
  18  1:12  Spawning Pool  
  18  1:13  Extractor  
  16  1:18  Drone  
  16  1:23  Drone  
  18  1:32  Drone  
  19  1:41  Overlord  
  19  2:00  Queen, Drone x2  
  23  2:06  Queen, Drone  
  26  2:12  Zergling x2  
  26  2:13  Metabolic Boost  
  27  2:28  Hatchery  
  26  2:32  Drone x2  
  26  2:34  Drone  
  29  2:39  Drone  
  29  2:42  Drone  
  31  2:48  Queen  
  33  2:54  Baneling Nest  
  33  2:57  Overlord  
  32  3:01  Drone  
  32  3:03  Drone  
  34  3:10  Drone  
  34  3:12  Drone  
  36  3:18  Drone  
  36  3:19  Zergling x4, Drone  
  40  3:24  Zergling x2  
  40  3:25  Zergling x4  
  43  3:30  Overlord  
  43  3:34  Zergling x2, Extractor  
  43  3:35  Extractor  
  43  3:40  Baneling x2  
  42  3:46  Baneling  
  42  3:47  Drone x3  
  47  3:52  Drone x3  
  48  3:55  Overlord  
  48  3:56  Drone  
  48  3:57  Drone  
  48  4:02  Overlord  
  50  4:03  Drone x3  
  53  4:12  Lair  
  53  4:13  Overlord  
  53  4:17  Extractor  
  53  4:18  Drone  
  53  4:23  Drone x3  
  50  4:33  Drone x6  
  50  4:38  Zergling x4  
  58  4:42  Drone  
  58  4:43  Drone x2  
  61  4:54  Drone x7  
  68  5:09  Extractor  
  68  5:10  Spire, Extractor  
Show
View Real Time Build Order
Export as new Build Order

llllllllllll Zerg - Winner!

Build Orders: Hatch First 

Get SALT Encoding   

  12  0:01  Drone  
  13  0:13  Overlord  
  13  0:17  Drone  
  14  0:31  Drone x2  
  14  0:35  Drone  
  17  0:52  Hatchery  
  17  0:54  Drone  
  17  0:57  Drone  
  17  1:00  Extractor  
  17  1:13  Spawning Pool  
  17  1:16  Drone  
  17  1:19  Drone  
  18  1:29  Drone  
  19  1:40  Overlord  
  19  1:53  Drone  
  20  1:59  Queen  
  22  2:04  Zergling x2, Metabolic Boost  
  22  2:05  Queen  
  22  2:06  Drone  
  26  2:13  Drone  
  27  2:18  Drone  
  28  2:24  Drone  
  28  2:27  Baneling Nest  
  28  2:29  Drone  
  29  2:43  Drone  
  30  2:48  Hatchery  
  29  2:52  Overlord  
  29  2:54  Zergling x4  
  31  3:00  Zergling x4  
  33  3:09  Overlord  
  33  3:12  Drone x3  
  36  3:14  Drone  
  36  3:17  Drone  
  38  3:21  Drone  
  38  3:25  Drone  
  40  3:29  Drone  
  40  3:31  Drone  
  40  3:33  Baneling  
  42  3:34  Overlord  
  42  3:36  Extractor  
  41  3:42  Roach Warren  
  41  3:46  Drone  
  41  3:51  Drone x4  
  44  3:55  Queen  
  44  4:01  Overlord  
  46  4:10  Overlord  
  46  4:14  Baneling  
  46  4:20  Overlord  
  46  4:21  Overlord  
  46  4:25  Roach x4  
  46  4:29  Roach  
  46  4:30  Roach  
  57  4:34  Roach x2  
  57  4:37  Roach  
  63  4:42  Roach x2  
  63  4:45  Roach  
  69  4:47  Roach  
  69  4:50  Roach  
  73  4:54  Overlord  
  73  4:57  Zergling x2  
Tags
 
Add a new tag
Caveats
  • Supply blocks, unpowered buildings, or Contaminate may cause inaccurate times.
  • Supply counts are checked every 10 seconds.